 Dungeon Crawl Stone Soup version 0.30-a0-341-g682706514a (webtiles) character file.

Game seed: 3666350223739235131

32 KKCryptic the Chopper (level 3, -7/29 HPs)
             Began as a Demonspawn Berserker on Nov 3, 2022.
             Was a Follower of Trog.
             Mangled by a gnoll
             ... wielding a +0 halberd
              (10 damage)
             ... on level 2 of the Dungeon.
             The game lasted 00:04:55 (988 turns).

KKCryptic the Chopper (Demonspawn Berserker)         Turns: 988, Time: 00:04:56

Health: -7/29      AC: 10    Str: 19    XL:     3   Next: 8%
Magic:  3/3        EV:  6    Int:  8    God:    Trog [*.....]
Gold:   52         SH:  0    Dex: 12    Spells: 2/2 levels left

rFire   . . .      SeeInvis .    a - +0 hand axe
rCold   . . .      Faith    .    (no shield)
rNeg    . . .      Spirit   .    c - +0 plate armour
rPois   .          Reflect  .    (no helmet)
rElec   .          Harm     .    (no cloak)
rCorr   .          Rampage  .    (no gloves)
Will    .....                    (no boots)
Stlth   ..........               i - amulet of the acrobat
HPRegen 0.24/turn                (no ring)
MPRegen 0.08/turn                (no ring)

@: on berserk cooldown, flying, slowed, very slow
A: hooves 2
a: Renounce Religion, Berserk


You were on level 2 of the Dungeon.
You worshipped Trog.
Trog was aware of your devotion.
You visited 1 branch of the dungeon, and saw 2 of its levels.

You collected 52 gold pieces.

Inventory:

Hand Weapons
 a - a +0 hand axe (weapon)
 k - a +2 dagger of speed
Missiles
 l - 12 stones (quivered)
Armour
 c - a +0 plate armour (worn)
 d - a +0 ring mail
Jewellery
 i - an amulet of the acrobat (around neck)
Scrolls
 b - a scroll of immolation {unknown}
 f - a scroll of silence {unknown}
 g - a scroll of enchant armour {unknown}
 j - a scroll of noise {unknown}


   Skills:
 - Level 3.0 Fighting
 + Level 3.9 Axes
 - Level 1.7 Armour
 - Level 1.7 Dodging


You had 2 spell levels left.
You didn't know any spells.
Your spell library was empty.

Dungeon Overview and Level Annotations

Branches:
Dungeon (2/15)

Altars:


Innate Abilities, Weirdness & Mutations

You have hoof-like feet.


Message History

You hit the gnoll. You kick the gnoll, but do no damage.
The gnoll is moderately wounded.
The gnoll hits you from afar with a +0 halberd!
The gnoll hits you but does no damage.
You slash the gnoll! Your kick misses the gnoll.
The gnoll is almost dead.
The gnoll hits you with a +0 club.
The gnoll hits you from afar with a +0 halberd!
* * * LOW HITPOINT WARNING * * *
A red film seems to cover your vision as you go berserk!
You feel yourself moving faster!
You feel mighty!
The gnoll hits you but does no damage. x3
You barely miss the gnoll. Your kick misses the gnoll.
The gnoll is almost dead.
The gnoll hits you from afar with a +0 halberd.
* * * LOW HITPOINT WARNING * * *
The gnoll barely misses you. The gnoll hits you but does no damage.
You slash the gnoll!
You kill the gnoll!
Trog accepts your kill.
The gnoll hits you from afar with a +0 halberd.
* * * LOW HITPOINT WARNING * * *
The gnoll barely misses you.
You have reached level 3!
Your experience leads to an increase in your attributes!
Increase (S)trength, (I)ntelligence, or (D)exterity?
You feel stronger. x2; Your demonic ancestry asserts itself...
Your feet thicken and deform.
The gnoll barely misses you. The gnoll closely misses you.
You feel a strong urge to attack something.
You feel your anger nearly subside.
You are no longer berserk.
You are exhausted.
You feel yourself slow down.
It was a potion of flight.
You feel very buoyant.
You fly up into the air.
The gnoll closely misses you.
It was a potion of berserk rage.
You're still recovering from your berserk rage.
The gnoll hits you from afar with a +0 halberd!
You die...

#.........#
##.......##
##.....###
##)##...#
#.##...# #
#g##..gg...#
..
#g##...##...#
.. #.##....
#.. .
#@##....# .
.. #.##.....
# #.##...##.
## #.##....
.. #. #.# #.#
.# #.# ...
#.# ... ..


You could see 2 gnolls.

Vanquished Creatures
  2 gnolls
  A bat (D:1)
  A giant cockroach (D:1)
  A hobgoblin (D:1)
  A quokka (D:1)
  A frilled lizard (D:2)
  5 kobolds (D:2)
  2 rats (D:2)
14 creatures vanquished.

Vanquished Creatures (others)
  5 plants (D:2)
5 creatures vanquished.

Grand Total: 19 creatures vanquished

Notes
Turn   | Place    | Note
-------+----------+-------------------------------------------
     0 | D:1      | KKCryptic the Demonspawn Berserker began the quest for the
                  | Orb.
     0 | D:1      | Reached XP level 1. HP: 18/18 MP: 1/1
    79 | D:1      | You fall into a shaft and drop 1 floor!
   471 | D:1      | Gained mutation: You have large cloven feet. [demonic
                  | ancestry]
   471 | D:1      | Reached XP level 2. HP: 21/24 MP: 2/2
   982 | D:2      | Gained mutation: You have hoof-like feet. [demonic
                  | ancestry]
   982 | D:2      | Reached XP level 3. HP: 3/29 MP: 3/3
   988 | D:2      | Mangled by a gnoll

Illustrated notes

Levels and vault maps discovered:
D:1:      lordsloth_arrival_two_stooges, layout_basic, serial_aquarium,
          aquarium_bridge_square [aquarium_subvault_bridge,
          aquarium_subvault_balcony, aquarium_subvault_window,
          aquarium_subvault_bridge], aquarium_window_2, aquarium_window_2,
          aquarium_view_2c
D:2:      layout_rooms, ebering_ecumenical_altar_hall, lexackson_kobold_supper,
          uniq_crazy_yiuf_cottage

Skill      XL: |  1 |
---------------+----+-----
Axes           | 3 |  3.9
Fighting       | |  3.0
Armour         | |  1.7
Dodging        | |  1.7

Action                   || total
-------------------------++-------
Melee: Hand axe          ||    42
       Kick              ||     8
Invok: Berserk           ||     2
  Use: Potion            ||     2
Armor: Plate armour      ||    33
Dodge: Dodged            ||    19

Table legend: (Time is in decaauts)
 A = Elapsed time spent in this place.
 B = Non-inter-level travel time spent in this place.
 C = Inter-level travel time spent in this place.
 D = Time resting spent in this place.
 E = Time spent auto-exploring this place.
 F = Levels seen in this place.
 G = Mean time per level.
                   A        B        C        D        E       F      G
               +--------+--------+--------+--------+--------+-----+--------+
         Total |   1001 |    972 |     29 |      0 |    766 |   2 |  500.5 |
       Dungeon |   1001 |    972 |     29 |      0 |    766 |   2 |  500.5 |
               +--------+--------+--------+--------+--------+-----+--------+

Top non-repeatable levels by time:
     D:1: 873 daAuts
     D:2: 127 daAuts
